 Dungeon Crawl Stone Soup version 0.30-a0-782-ge64f9170bb (webtiles) character file.

Game seed: 9345985303958064479

795 HoaS the Skirmisher (level 7, -7/40 HPs)
             Began as a Gargoyle Hunter on Feb 23, 2023.
             Mangled by an ice beast (13 damage)
             ... on level 5 of the Dungeon on Feb 24, 2023.
             The game lasted 00:10:47 (4780 turns).

HoaS the Skirmisher (Gargoyle Hunter)               Turns: 4780, Time: 00:10:48

Health: -7/40      AC: 11    Str: 15    XL:     7   Next: 89%
Magic:  7/7        EV: 11    Int:  9    God:
Gold:   221        SH:  0    Dex: 15    Spells: 6/6 levels left

rFire   . . .      SeeInvis +    a - +1 shortbow (freeze)
rCold   . . .      Faith    .    (shield currently unavailable)
rNeg    + . .      Spirit   .    c - +0 leather armour
rPois   ∞          Reflect  .    g - +2 helmet {SInv}
rElec   +          Harm     .    m - +0 cloak
rCorr   .          Rampage  .    (no gloves)
Will    .....                    (no boots)
Stlth   ++                       (no amulet)
HPRegen 0.26/turn                (no ring)
MPRegen 0.10/turn                (no ring)

@: no status effects
A: sickness immunity, AC +4, negative energy resistance 1, electricity
resistance, torment resistance 1, petrification resistance
a: no special abilities


You were on level 5 of the Dungeon.
You visited 1 branch of the dungeon, and saw 6 of its levels.

You collected 221 gold pieces.

Inventory:

Hand Weapons
 a - a +1 shortbow of freezing (weapon)
Armour
 c - a +0 leather armour (worn)
 g - a +2 helmet of see invisible (worn)
 m - a +0 cloak (worn)
Wands
 i - a wand of flame (23)
 l - a wand of iceblast (6)
Scrolls
 b - a scroll of immolation
 d - a scroll of teleportation
 j - a scroll of poison
 n - a scroll of identify
Potions
 e - a potion of ambrosia
 f - 2 potions of haste
 h - a potion of attraction
 k - 2 potions of curing
 o - a potion of mutation
 p - a potion of lignification


   Skills:
 - Level 2.1 Fighting
 + Level 9.5 Ranged Weapons
 - Level 1.5 Dodging
 - Level 1.1 Stealth


You had 6 spell levels left.
You didn't know any spells.
Your spell library contained the following spells:

 Spells                   Type           Power      Damage    Failure   Level
 Animate Armour           Summ/Erth      0%         N/A       99%         4
 Blade Hands              Tmut           0%         N/A       100%        5
 Summon Forest            Summ/Tloc      0%         N/A       100%        5
 Eringya's Noxious Bog    Tmut/Pois      0%         N/A       100%        6
 Iron Shot                Conj/Erth      0%         9d1       100%        6
 Summon Hydra             Summ           0%         N/A       100%        7


Dungeon Overview and Level Annotations

Branches:
Dungeon (6/15)
 Temple: D:4-7

Altars:
Dithmenos
Hepliaklqana
Qazlal
Yredelemnul

Shops:
D:3 =


Innate Abilities, Weirdness & Mutations

You are immune to sickness and miasma.
Your stone body is resilient. (AC +4)
You are immune to poison.
You resist negative energy. (rN+)
You are resistant to electric shocks. (rElec)
You are resistant to unholy torment.
You are immune to petrification.


Message History

The ice beast closely misses you.
The sky beast hits you but does no damage.
You shoot an arrow. The arrow hits the sky beast.
The arrow freezes the sky beast.
The sky beast is severely wounded.
The ice beast hits you but does no damage.
The sky beast hits you but does no damage.
You shoot an arrow. The arrow closely misses the sky beast.
The ice beast closely misses you. The sky beast hits you.
The sky beast shocks you. You resist.
You shoot an arrow. The arrow misses the sky beast.
The ice beast hits you but does no damage.
The sky beast hits you but does no damage.
You shoot an arrow. The arrow hits the sky beast!
The arrow freezes the sky beast.
You kill the sky beast!
The ice beast closely misses you.
You shoot an arrow.
The arrow hits the ice beast but does no damage.
The ice beast hits you but does no damage.
You shoot an arrow.
The arrow hits the ice beast but does no damage.
The ice beast closely misses you.
The ice beast hits you but does no damage.
You shoot an arrow. The arrow hits the ice beast.
The ice beast is lightly wounded.
The ice beast hits you but does no damage.
You shoot an arrow. The arrow barely misses the ice beast.
The ice beast closely misses you.
You shoot an arrow. The arrow hits the ice beast.
The ice beast is moderately wounded.
The ice beast hits you. The ice beast freezes you!
* * * LOW HITPOINT WARNING * * *
You shoot an arrow. The arrow barely misses the ice beast.
The ice beast hits you but does no damage.
You shoot an arrow. The arrow closely misses the ice beast.
The ice beast hits you.
* * * LOW HITPOINT WARNING * * *
The ice beast freezes you!
You die...

......######.....#......##..##..#
.......>.........##.....###+##..#
..<.......####..###.....##.......
..##..##..###8..8##..............
####..######..>.........##..##..#
#...#...'.......[....##..##..#
#...#..###8..8##..............
#..##..####.Y###..............
##..###'##...†@##.....##..##..#
#....'.........##.....##..##..#
#....#.........................
#....#.........................
##...#.........###..###########
##########....###..######
#...............#
#...............#
#####....##..###.##


You could see an ice beast.

Vanquished Creatures
  A sky beast (D:5)
  A black bear (D:5)
  A phantom (D:5)
  2 scorpions (D:4)
  A howler monkey (D:4)
  An orc priest (D:4)
  3 hounds
  Crazy Yiuf (D:2)
  An orc wizard (D:4)
  5 gnolls
  7 adders
  An ufetubus (D:5)
  3 worms
  5 dart slugs
  7 orcs
  5 bats
  4 endoplasms
  A giant cockroach (D:2)
  3 goblins
  4 hobgoblins
  12 jackals
  6 quokkas
  A ball python (D:3)
  2 frilled lizards
  6 kobolds
  7 rats
91 creatures vanquished.

Vanquished Creatures (others)
  A plant (D:4)
1 creature vanquished.

Grand Total: 92 creatures vanquished

Notes
Turn   | Place    | Note
-------+----------+-------------------------------------------
     0 | D:1      | HoaS the Gargoyle Hunter began the quest for the Orb.
     0 | D:1      | Reached XP level 1. HP: 12/12 MP: 1/1
   182 | D:1      | Reached XP level 2. HP: 17/17 MP: 2/2
   659 | D:1      | Reached XP level 3. HP: 18/21 MP: 3/3
  1030 | D:2      | Found a faded altar of an unknown god.
  1059 | D:1      | Reached skill level 5 in Ranged Weapons
  1305 | D:2      | Reached XP level 4. HP: 26/26 MP: 4/4
  1567 | D:2      | Found a runed translucent door.
  1568 | D:2      | Noticed Crazy Yiuf
  1712 | D:3      | Reached skill level 6 in Ranged Weapons
  1719 | D:3      | Found a stormy altar of Qazlal.
  1722 | D:3      | Noticed a fire elemental
  1726 | D:3      | Noticed an air elemental
  1726 | D:3      | Noticed an earth elemental
  1726 | D:3      | Noticed a water elemental
  1983 | D:3      | Reached XP level 5. HP: 30/30 MP: 5/5
  2004 | D:3      | Found Heprev's Jewellery Shop.
  2595 | D:4      | Found a basalt altar of Yredelemnul.
  2874 | D:4      | Reached skill level 7 in Ranged Weapons
  2880 | D:4      | Reached XP level 6. HP: 14/35 MP: 6/6
  3178 | D:4      | Found a hazy altar of Hepliaklqana.
  3710 | D:2      | Killed Crazy Yiuf
  3711 | D:2      | Reached skill level 8 in Ranged Weapons
  3896 | D:5      | Entered Level 5 of the Dungeon
  3904 | D:4      | Reached XP level 7. HP: 40/40 MP: 7/7
  4456 | D:5      | Found a shadowy altar of Dithmenos.
  4595 | D:5      | Reached skill level 9 in Ranged Weapons
  4780 | D:5      | Mangled by an ice beast

Illustrated notes

Levels and vault maps discovered:
D:1:      amcnicky_arrival_feature_with_door, layout_basic, serial_forest,
          infiniplex_forest_lined_ring, infiniplex_forest_straight_1,
          infiniplex_forest_end_2, infiniplex_forest_end_1,
          infiniplex_forest_straight_2, infiniplex_forest_join,
          infiniplex_forest_end_1
D:2:      layout_basic, ebering_ecumenical_altar_rust, chequers_jeans,
          uniq_crazy_yiuf_cottage
D:3:      layout_basic, nicolae_qazlal_style_of_elements, serial_corexii_hall,
          corexii_hall_statues_s, chequers_hall_statues_corner_a,
          corexii_hall_statues_t, chequers_hall_statues_wall_a, serial_shops,
          shop
D:4:      layout_cave_pools, lemuel_crystal_altar, mainiacjoe_overflow_alcove_2,
          chequers_big_river, kennysheep_small_spiral
D:5:      layout_gridville, grunt_dithmenos_shadows, st_stairs_6
D:6:      layout_cave_pools, ebering_ghost_xom, uniq_edmund

Skill      XL: |  1  2  3  4  5  6  7 |
---------------+----------------------+-----
Ranged Weapons | 5 6 7 8 9 |  9.5
Fighting       | |  2.1
Dodging        | |  1.5
Stealth        | |  1.1

Action                     |  1- 3 |  4- 6 |  7- 9 || total
---------------------------+-------+-------+-------++-------
  Melee: Shortbow          |       |     2 |       ||     2
   Fire: Shortbow          |    83 |   183 |    57 ||   323
    Use: Scroll            |     5 |     8 |     4 ||    17
 Armour: Leather armour    |    16 |    46 |    36 ||    98
  Dodge: Dodged            |    33 |    69 |    19 ||   121

Table legend: (Time is in decaauts)
 A = Elapsed time spent in this place.
 B = Non-inter-level travel time spent in this place.
 C = Inter-level travel time spent in this place.
 D = Time resting spent in this place.
 E = Time spent auto-exploring this place.
 F = Levels seen in this place.
 G = Mean time per level.
                   A        B        C        D        E       F      G
               +--------+--------+--------+--------+--------+-----+--------+
         Total |   4849 |   4570 |    279 |    663 |   3257 |   6 |  808.2 |
       Dungeon |   4849 |   4570 |    279 |    663 |   3257 |   6 |  808.2 |
               +--------+--------+--------+--------+--------+-----+--------+

Top non-repeatable levels by time:
     D:4: 1126 daAuts
     D:1: 1078 daAuts
     D:3: 933 daAuts
     D:2: 860 daAuts
     D:5: 839 daAuts
     D:6: 10 daAuts
